[Event "79th ARM-ch 1st League 2018"]
[Site "Yerevan"]
[Date "2018.08.09"]
[Round "1"]
[White "Harutyunian, Tigran K"]
[Black "Gharibyan, Mamikon"]
[Result "1/2-1/2"]
[ECO "D31"]
[WhiteElo "2504"]
[BlackElo "2341"]
[Annotator "ChessBase"]
[PlyCount "50"]
[EventDate "2018.08.09"]
[EventType "tourn"]
[EventCountry "ARM"]
[SourceTitle "playchess.com"]
[Source "ChessBase"]
[SourceQuality "1"]
[TimeControl "40/5400+30:1800+30"]

1. c4 e6 2. Nc3 d5 3. d4 a6 4. cxd5 exd5 5. Bf4 Nf6 6. e3 Bd6 7. Bxd6 Qxd6 8. Bd3 O-O 9. h3 b6 10. Nge2 c5 11. dxc5 bxc5 12. O-O Be6 13. Rc1 Nbd7 14. Bb1 Rfd8 15. Na4 Rac8 16. e4 Qb8 17. exd5 Bxd5 18. Nac3 Bc6 19. Qc2 Qb7 20. Nf4 Ne5 21. Rfd1 Bxg2 22. Nxg2 Nf3+ 23. Kf1 Nh2+ 24. Kg1 Nf3+ 25. Kf1 Nh2+ 1/2-1/2

[Event "79th ARM-ch 1st League 2018"]
[Site "Yerevan"]
[Date "2018.08.09"]
[Round "1"]
[White "Hayrapetyan, Artavazd R"]
[Black "Babujian, Levon"]
[Result "1-0"]
[ECO "D38"]
[WhiteElo "2371"]
[BlackElo "2459"]
[Annotator "ChessBase"]
[PlyCount "81"]
[EventDate "2018.08.09"]
[EventType "tourn"]
[EventCountry "ARM"]
[SourceTitle "playchess.com"]
[Source "ChessBase"]
[SourceQuality "1"]
[TimeControl "40/5400+30:1800+30"]

1. d4 Nf6 2. c4 e6 3. Nf3 d5 4. Nc3 Bb4 5. e3 O-O 6. Bd2 c5 7. a3 Bxc3 8. Bxc3 Ne4 9. Rc1 b6 10. dxc5 bxc5 11. Bd3 Nxc3 12. Rxc3 Nd7 13. cxd5 exd5 14. O-O Bb7 15. Bf5 Rc8 16. Qc2 c4 17. Bxh7+ Kh8 18. Bf5 g6 19. Bxd7 Qxd7 20. Qd2 Kg7 21. Qd4+ f6 22. Qxa7 Rce8 23. Rd1 Re4 24. Rd4 Qb5 25. Rd2 Rh8 26. h3 Qd7 27. Rd4 Ra8 28. Qc5 Rc8 29. Qb4 Re7 30. b3 Qe8 31. bxc4 Rb8 32. Rb3 dxc4 33. Rxc4 Rd7 34. Rd4 Rc7 35. Rc3 Bc6 36. Qd6 Rbc8 37. Qg3 Rb7 38. Rdc4 Rb1+ 39. Kh2 Rb5 40. e4 Rh5 41. Qd6 1-0

[Event "79th ARM-ch 1st League 2018"]
[Site "Yerevan"]
[Date "2018.08.09"]
[Round "1"]
[White "Hoghmrtsyan, Artur"]
[Black "Sargsyan, Tigran R"]
[Result "1/2-1/2"]
[ECO "D10"]
[WhiteElo "2157"]
[BlackElo "2136"]
[Annotator "NA"]
[PlyCount "93"]
[EventDate "2018.08.09"]
[EventType "tourn"]
[EventCountry "ARM"]
[SourceTitle "playchess.com"]
[Source "ChessBase"]
[SourceQuality "1"]
[TimeControl "40/5400+30:1800+30"]

1. d4 d5 2. c4 c6 3. cxd5 cxd5 4. Bf4 Nc6 5. e3 Nf6 6. Nc3 Bf5 7. Qb3 Na5 8. Qa4+ Bd7 9. Qc2 e6 10. Nf3 Rc8 11. Bd3 b5 12. a3 Be7 13. O-O O-O 14. Ne5 Nc4 15. Rfc1 a5 16. Qe2 a4 17. h3 Be8 18. Bg5 Nd7 19. Bxe7 Qxe7 20. Nxd7 Qxd7 21. Rc2 f6 22. Rac1 Bg6 23. Bxg6 hxg6 24. Qd3 Kf7 25. Rd1 Rfd8 26. Ne2 Rh8 27. f4 Qd6 28. Nc3 Rb8 29. Na2 g5 30. Rf1 gxf4 31. Rxf4 g5 32. Rf3 g4 33. hxg4 Qh2+ 34. Kf2 Rbg8 35. Qf1 Rxg4 36. Ke1 Qh4+ 37. Rcf2 f5 38. Rh3 Qf6 39. Rxh8 Qxh8 40. Rxf5+ exf5 41. Qxf5+ Ke7 42. Qxg4 Qh1+ 43. Kf2 Qb1 44. Qg5+ Kf8 45. Qd8+ Kg7 46. Qe7+ Kg8 47. Qg5+ {Kg7 Qxg7} 1/2-1/2

[Event "79th ARM-ch 1st League 2018"]
[Site "Yerevan"]
[Date "2018.08.10"]
[Round "2"]
[White "Davtyan, Artur"]
[Black "Sargsyan, Tigran R"]
[Result "1-0"]
[ECO "D11"]
[WhiteElo "2353"]
[BlackElo "2136"]
[Annotator "NA"]
[PlyCount "73"]
[EventDate "2018.08.09"]
[EventType "tourn"]
[EventCountry "ARM"]
[SourceTitle "playchess.com"]
[Source "ChessBase"]
[SourceQuality "1"]
[TimeControl "40/5400+30:1800+30"]

1. d4 d5 2. c4 c6 3. Nf3 Nf6 4. e3 Bg4 5. Qb3 Qb6 6. Nc3 e6 7. Nh4 Bh5 8. h3 Na6 9. g4 Qxb3 10. axb3 Nb4 11. Ke2 Bg6 12. Nxg6 hxg6 13. Bg2 g5 14. Bd2 Be7 15. Ra4 Nd7 16. Rha1 Na6 17. c5 O-O-O 18. b4 Ndb8 19. Be1 Bf6 20. f3 e5 21. Kd3 Nc7 22. Bg3 exd4 23. exd4 Ne6 24. Rxa7 Na6 25. Ra4 Rhe8 26. b5 Naxc5+ 27. dxc5 Nxc5+ 28. Kc2 Nxa4 29. Nxa4 Bd4 30. b6 Re2+ 31. Kd3 Rxg2 32. Kxd4 Rd2+ 33. Kc3 Rd1 34. Kc2 Rd4 35. b3 Kd7 36. Nc5+ Ke8 37. Nxb7 1-0

[Event "79th ARM-ch 1st League 2018"]
[Site "Yerevan"]
[Date "2018.08.10"]
[Round "2"]
[White "Poghosyan, Suren"]
[Black "Sargsyan, Shant"]
[Result "1/2-1/2"]
[ECO "D93"]
[WhiteElo "2301"]
[BlackElo "2472"]
[Annotator "ChessBase"]
[PlyCount "53"]
[EventDate "2018.08.09"]
[EventType "tourn"]
[EventCountry "ARM"]
[SourceTitle "playchess.com"]
[Source "ChessBase"]
[SourceQuality "1"]
[TimeControl "40/5400+30:1800+30"]

1. d4 Nf6 2. c4 g6 3. Nc3 d5 4. Nf3 Bg7 5. Bf4 O-O 6. e3 c5 7. dxc5 Ne4 8. Rc1 Nd7 9. cxd5 Qa5 10. Nd4 Nxc3 11. bxc3 Nxc5 12. Bc4 Bd7 13. O-O Na4 14. Qb3 Nb6 15. Bb5 Bxd4 16. Bxd7 Bf6 17. Bc7 Qxd5 18. Rfd1 Qc5 19. Bxb6 axb6 20. a4 e6 21. Rd3 Rfd8 22. Rcd1 Kg7 23. g3 h5 24. h4 Be5 25. Bb5 Rd6 26. Rxd6 Bxd6 27. Qc4 1/2-1/2

[Event "79th ARM-ch 1st League 2018"]
[Site "Yerevan"]
[Date "2018.08.10"]
[Round "2"]
[White "Mkrtchyan, Sargis R"]
[Black "Hayrapetyan, Artavazd R"]
[Result "0-1"]
[ECO "E10"]
[WhiteElo "2239"]
[BlackElo "2371"]
[Annotator "NA"]
[PlyCount "58"]
[EventDate "2018.08.09"]
[EventType "tourn"]
[EventCountry "ARM"]
[SourceTitle "playchess.com"]
[Source "ChessBase"]
[SourceQuality "1"]
[TimeControl "40/5400+30:1800+30"]

1. d4 Nf6 2. c4 e6 3. Nf3 d5 4. g3 a6 5. Bg2 dxc4 6. O-O b5 7. Ne5 Nd5 8. a4 Bb7 9. axb5 axb5 10. Rxa8 Bxa8 11. e4 Nf6 12. Nc3 c6 13. Bg5 Be7 14. Qa1 Bb7 15. Qa7 Qc8 16. d5 Bd6 17. Nxf7 Kxf7 18. dxe6+ Ke7 19. Rd1 Rd8 20. Rxd6 Rxd6 21. e5 Rxe6 22. exf6+ gxf6 23. Be3 Nd7 24. Ne4 Qa8 25. Qd4 Qa1+ 26. Bf1 c5 27. Nxc5 Ne5 28. Qf4 Nf3+ 29. Kg2 Nd2+ 0-1

[Event "79th ARM-ch 1st League 2018"]
[Site "Yerevan"]
[Date "2018.08.10"]
[Round "2"]
[White "Martirosyan, Garik"]
[Black "Hayrapetyan, Hovik"]
[Result "0-1"]
[ECO "E21"]
[WhiteElo "2145"]
[BlackElo "2439"]
[Annotator "NA"]
[PlyCount "130"]
[EventDate "2018.08.09"]
[EventType "tourn"]
[EventCountry "ARM"]
[SourceTitle "playchess.com"]
[Source "ChessBase"]
[SourceQuality "1"]
[TimeControl "40/5400+30:1800+30"]

1. d4 Nf6 2. c4 e6 3. Nc3 Bb4 4. Nf3 b6 5. e3 Bb7 6. Bd3 O-O 7. O-O Bxc3 8. bxc3 d6 9. Nd2 e5 {[%emt 0:02:27] LiveBook: 38 Games} 10. f3 Qe7 11. e4 c5 12. Rf2 cxd4 13. cxd4 Nc6 14. Nb3 Rfd8 $16 15. Be3 Rac8 16. d5 Nb4 17. Bf1 Nd7 18. a3 Na6 19. a4 g6 20. a5 f5 21. exf5 gxf5 22. Rb2 Rc7 23. axb6 axb6 24. Nd2 Bc8 25. Nb1 Nab8 26. Nc3 Ba6 27. Nb5 Bxb5 28. Rxb5 Nc5 29. Rxb6 Nbd7 30. Rb5 Rdc8 31. Rba5 Rb7 32. Ra7 Rcb8 33. Qe1 Qf6 34. Qg3+ Kf7 35. Qh3 Qg6 36. Qh4 f4 37. Bf2 Nb3 38. R1a3 Nd2 39. Be2 h6 40. Be1 Nb3 41. Qh3 Ndc5 42. Rxb7+ Rxb7 43. Ra8 Rc7 44. Qh4 Qg5 45. Rh8 Kg7 46. Qxg5+ hxg5 47. Ra8 Nd4 48. Kf2 Rb7 49. Ra2 Rb3 50. Ba5 g4 51. Rd2 Nxe2 52. Kxe2 Re3+ 53. Kd1 Nb3 54. Ra2 gxf3 55. gxf3 Rxf3 56. Bc7 Nd4 57. Rg2+ Kf6 58. Bxd6 e4 59. Ke1 Re3+ 60. Kf1 f3 61. Rg4 Nf5 62. c5 Re2 63. Rf4 Kg5 64. Kg1 Nxd6 65. cxd6 Kxf4 0-1

[Event "79th ARM-ch 1st League 2018"]
[Site "Yerevan"]
[Date "2018.08.11"]
[Round "3"]
[White "Harutyunian, Tigran K."]
[Black "Davtyan, Artur"]
[Result "1-0"]
[ECO "A06"]
[WhiteElo "2504"]
[BlackElo "2353"]
[Annotator "RC"]
[PlyCount "113"]
[EventDate "2018.08.09"]
[EventType "tourn"]
[EventCountry "ARM"]
[SourceTitle "playchess.com"]
[Source "ChessBase"]
[SourceQuality "1"]
[TimeControl "40/5400+30:1800+30"]

1. Nf3 d5 2. g3 Nd7 3. d4 Ngf6 4. Bg2 b5 5. O-O e6 6. Nbd2 Bb7 7. e4 Nxe4 8. Nxe4 dxe4 9. Ng5 Nf6 10. Qe2 Qd5 11. Re1 Be7 12. a4 a6 13. Nxe4 Nxe4 14. Bxe4 Qxe4 15. Qxe4 Bxe4 16. Rxe4 Kd7 17. Bd2 Rhb8 18. b3 Bd6 19. Kf1 h5 20. h4 Kc6 21. Ke2 Kd5 22. Kd3 c5 23. dxc5 Bxc5 24. Be3 g6 25. Bxc5 Kxc5 26. b4+ Kc6 27. c4 bxc4+ 28. Rxc4+ Kd7 29. Rac1 Rb7 30. Rd4+ Ke7 31. Rc6 e5 32. Rdc4 Rd8+ 33. Ke4 Rdb8 34. Kxe5 Rxb4 35. Rxb4 Rxb4 36. Rxa6 Rb2 37. Ra7+ Kf8 38. f4 Rb3 39. a5 Re3+ 40. Kd5 Rxg3 41. Rb7 Ra3 42. Rb5 Ra4 43. Kc5 Rxf4 44. a6 Rxh4 45. a7 Ra4 46. Rb8+ Ke7 47. a8=Q Rxa8 48. Rxa8 Ke6 49. Kd4 Kf5 50. Ke3 Kg4 51. Ra1 h4 52. Rg1+ Kh5 53. Kf4 f6 54. Rh1 g5+ 55. Kf5 g4 56. Ra1 h3 57. Ra8 1-0

[Event "79th ARM-ch 1st League 2018"]
[Site "Yerevan"]
[Date "2018.08.11"]
[Round "3"]
[White "Hayrapetyan, Hovik"]
[Black "Poghosyan, Suren"]
[Result "1/2-1/2"]
[ECO "A37"]
[WhiteElo "2439"]
[BlackElo "2301"]
[Annotator "NA"]
[PlyCount "101"]
[EventDate "2018.08.09"]
[EventType "tourn"]
[EventCountry "ARM"]
[SourceTitle "playchess.com"]
[Source "ChessBase"]
[SourceQuality "1"]
[TimeControl "40/5400+30:1800+30"]

1. g3 c5 2. Bg2 Nc6 3. c4 g6 4. Nc3 Bg7 5. Nf3 d6 6. O-O Nf6 7. d4 cxd4 8. Nxd4 Bd7 9. e3 Qc8 10. Re1 Bh3 11. Bh1 h5 12. b3 h4 13. Bb2 hxg3 14. hxg3 Bg4 15. f3 Nxd4 16. exd4 Qf5 17. fxg4 Nxg4 18. Ne4 Rxh1+ 19. Kxh1 O-O-O 20. Qc2 Rh8+ 21. Kg1 Rh3 22. Qg2 Rh2 23. Qxh2 Nxh2 24. Kxh2 Qf3 25. Rad1 f5 26. Nd2 Qf2+ 27. Kh1 Qxg3 28. Re2 Bf6 29. Rf1 g5 30. Rf3 Qg4 31. Ref2 e6 32. Nf1 Qe4 33. Ng3 Qb1+ 34. Kg2 g4 35. Re3 Bg5 36. Rxe6 f4 37. Nf1 Qf5 38. Re8+ Kd7 39. Rg8 Qe4+ 40. Kg1 g3 41. Rg2 Bf6 42. Nxg3 fxg3 43. R8xg3 Bxd4+ 44. Bxd4 Qxd4+ 45. Rf2 d5 46. cxd5 Qd1+ 47. Kg2 Qxd5+ 48. Rgf3 Kc7 49. Re2 a6 50. Kf2 Kb6 51. Rfe3 1/2-1/2

[Event "79th ARM-ch 1st League 2018"]
[Site "Yerevan"]
[Date "2018.08.11"]
[Round "3"]
[White "Hayrapetyan, Artavazd R."]
[Black "Martirosyan, Garik"]
[Result "1-0"]
[ECO "A05"]
[WhiteElo "2371"]
[BlackElo "2145"]
[Annotator "NA"]
[PlyCount "43"]
[EventDate "2018.08.09"]
[EventType "tourn"]
[EventCountry "ARM"]
[SourceTitle "playchess.com"]
[Source "ChessBase"]
[SourceQuality "1"]
[TimeControl "40/5400+30:1800+30"]

1. Nf3 Nf6 2. g3 b5 3. Bg2 Bb7 4. d3 c5 5. O-O g6 6. e4 Bg7 7. e5 Ng4 8. Re1 O-O 9. h3 Nh6 10. Nc3 Qb6 11. a4 b4 12. a5 Qc7 13. Ne4 Na6 14. c3 d6 15. d4 dxe5 16. dxe5 Rad8 17. Qe2 f6 18. exf6 exf6 19. Bf4 Qc6 20. Nh4 Rfe8 21. Qc4+ Kh8 22. Nd6 1-0

[Event "79th ARM-ch 1st League 2018"]
[Site "Yerevan"]
[Date "2018.08.11"]
[Round "3"]
[White "Hoghmrtsyan, Artur"]
[Black "Mkrtchyan, Sargis R."]
[Result "1-0"]
[ECO "E65"]
[WhiteElo "2157"]
[BlackElo "2239"]
[Annotator "NA"]
[PlyCount "67"]
[EventDate "2018.08.09"]
[EventType "tourn"]
[EventCountry "ARM"]
[SourceTitle "playchess.com"]
[Source "ChessBase"]
[SourceQuality "1"]
[TimeControl "40/5400+30:1800+30"]

1. Nf3 Nf6 2. g3 g6 3. Bg2 Bg7 4. O-O O-O 5. d4 d6 6. c4 c5 7. Nc3 Nc6 8. dxc5 dxc5 9. Be3 Be6 10. Bxc5 Qa5 11. Ba3 Bxc4 12. Nd4 Nd5 13. Nb3 Bxb3 14. Qxb3 Nxc3 15. bxc3 Bxc3 16. Bxc6 Bxa1 17. Bxb7 Rab8 18. Bxe7 Rfe8 19. Bd6 Rbd8 20. Bd5 Kg7 21. Qb7 Kh8 22. Bxf7 Rxd6 23. Bxe8 Bf6 24. Bf7 Qd2 25. Bc4 Bd4 26. Qb8+ Kg7 27. Qg8+ Kh6 28. Qf8+ Bg7 29. Qc8 Bd4 30. e3 Bf6 31. Qf8+ Kg5 32. Bb3 h5 33. h4+ Kg4 34. Rd1 1-0

[Event "79th ARM-ch 1st League 2018"]
[Site "Yerevan"]
[Date "2018.08.13"]
[Round "5"]
[White "Sargsyan, Tigran R"]
[Black "Martirosyan, Garik"]
[Result "1-0"]
[ECO "A46"]
[WhiteElo "2136"]
[BlackElo "2145"]
[Annotator "NA"]
[PlyCount "55"]
[EventDate "2018.08.09"]
[EventType "tourn"]
[EventCountry "ARM"]
[SourceTitle "playchess.com"]
[Source "ChessBase"]
[SourceQuality "1"]
[TimeControl "40/5400+30:1800+30"]

1. d4 Nf6 2. Nf3 e6 3. e3 b6 4. Bd3 Bb7 5. O-O g6 {[%emt 0:01:04] LiveBook: 65 Games A47: 1 d4 Nf6 2 Nf3 b6: Torre, London and Colle Systems} (5... d5 6. b3 Be7 7. Bb2 O-O 8. Nbd2 c5 9. Qe2 Nbd7 10. c4 cxd4 11. exd4 Re8 12. Rac1 Rc8 13. Rfd1 Bf8 14. Ne5 dxc4 15. bxc4 Nxe5 16. dxe5 Nd7 17. Be4 Qc7 18. Bxb7 Qxb7 19. Ne4 {1-0 (49) Mamedyarov,S (2804)-Ju,W (2572) chess.com INT 2018}) 6. Qe2 Bg7 7. e4 d6 8. e5 Nfd7 $146 ({Predecessor:} 8... dxe5 9. dxe5 Nfd7 10. Be4 Nc6 11. Rd1 Qc8 12. Bf4 Nc5 13. Nc3 {1-0 (53) Cori Tello,J (2496)-Rios,C (2362) Cochabamba 2013}) 9. Rd1 d5 (9... dxe5 $11 10. dxe5 Bxf3 11. Qxf3 c6) 10. h4 Qc8 11. h5 Ba6 (11... c5 $16) 12. h6 Bf8 {[%emt 0:00:12] [#]} 13. c4 $1 c6 14. Bg5 Qb7 15. a3 dxc4 16. Bxc4 Bxc4 17. Qxc4 Na6 18. Nc3 Nc7 19. Ne4 Nd5 20. Rac1 Rc8 21. Qa4 b5 22. Qc2 Rc7 23. Qd2 b4 $18 24. Qd3 Qb6 25. Nfd2 c5 26. Nc4 Qc6 27. dxc5 Nxc5 28. Nf6+ 1-0

[Event "79th ARM-ch 1st League 2018"]
[Site "Yerevan"]
[Date "2018.08.14"]
[Round "6"]
[White "Hakobyan, Aram"]
[Black "Hayrapetyan, Artavazd R"]
[Result "1/2-1/2"]
[ECO "C10"]
[WhiteElo "2545"]
[BlackElo "2371"]
[Annotator "ChessBase"]
[PlyCount "124"]
[EventDate "2018.08.09"]
[EventType "tourn"]
[EventCountry "ARM"]
[SourceTitle "playchess.com"]
[Source "ChessBase"]
[SourceQuality "1"]
[TimeControl "40/5400+30:1800+30"]

1. e4 e6 2. d4 d5 3. Nc3 Nc6 4. Nf3 Nf6 5. e5 Nd7 6. Bb5 a6 7. Bg5 Be7 8. Bxe7 Qxe7 9. Bd3 Nb4 10. a3 Nxd3+ 11. Qxd3 b6 12. O-O c5 13. Rfe1 O-O 14. Qe3 Bb7 15. Ne2 a5 16. Ng3 Rfc8 17. Nh5 Ba6 18. Qf4 Nf8 19. c3 Ng6 20. Qd2 Bc4 21. Qe3 Bb3 22. Rac1 Ba4 23. Nf4 c4 24. g3 b5 25. h4 b4 26. axb4 axb4 27. h5 Nxf4 28. Qxf4 h6 29. g4 Kh7 30. g5 bxc3 31. bxc3 Rab8 32. Kh1 Rb2 33. Rg1 Bc2 34. Rg2 Rb1 35. Rxb1 Bxb1 36. Kh2 Be4 37. gxh6 gxh6 38. Qg4 f6 39. Rg3 Rf8 40. Nd2 Bc2 41. Qh4 Qf7 42. Rf3 Bf5 43. exf6 Qxf6 44. Qxf6 Rxf6 45. Nf1 Kg7 46. Ng3 Bg4 47. Rxf6 Kxf6 48. f4 Ke7 49. Kg2 Kd6 50. Kf2 Kc6 51. Nf1 Bxh5 52. Ne3 Be8 53. f5 exf5 54. Nxf5 h5 55. Kg3 Kb6 56. Kf4 Bg6 57. Ne3 Bf7 58. Nd1 Kc6 59. Kg5 Kd6 60. Ne3 Kc6 61. Nd1 Be8 62. Ne3 Bf7 1/2-1/2

[Event "79th ARM-ch 1st League 2018"]
[Site "Yerevan"]
[Date "2018.08.14"]
[Round "6"]
[White "Harutyunian, Tigran K"]
[Black "Hayrapetyan, Hovik"]
[Result "1/2-1/2"]
[ECO "D37"]
[WhiteElo "2504"]
[BlackElo "2439"]
[Annotator "ChessBase"]
[PlyCount "73"]
[EventDate "2018.08.09"]
[EventType "tourn"]
[EventCountry "ARM"]
[SourceTitle "playchess.com"]
[Source "ChessBase"]
[SourceQuality "1"]
[TimeControl "40/5400+30:1800+30"]

1. d4 Nf6 2. Nf3 d5 3. c4 e6 4. Nc3 Be7 5. Bf4 O-O 6. Rc1 dxc4 7. e3 Nd5 8. Bxc4 Nxf4 9. exf4 Nd7 10. O-O Nb6 11. Bb3 Nd5 12. g3 Nxc3 13. Rxc3 Bd7 14. Qc2 Bf6 15. Rd1 Bc6 16. f5 exf5 17. Qxf5 g6 18. Qf4 Bxf3 19. Rxf3 Kg7 20. h4 Qd6 21. Qxd6 cxd6 22. Bd5 Rab8 23. Rdd3 Rbc8 24. h5 h6 25. hxg6 fxg6 26. Bxb7 Rc1+ 27. Kg2 Rb8 28. Bd5 Rxb2 29. Ra3 Rc7 30. Rae3 Rb5 31. Re6 Bxd4 32. Be4 Rg5 33. Rxd6 Bc5 34. Rd8 Re5 35. Bd5 Rf5 36. Rg8+ Kh7 37. Rxf5 1/2-1/2

[Event "79th ARM-ch 1st League 2018"]
[Site "Yerevan"]
[Date "2018.08.14"]
[Round "6"]
[White "Mikaelyan, Arman"]
[Black "Sargsyan, Shant"]
[Result "1/2-1/2"]
[ECO "D38"]
[WhiteElo "2496"]
[BlackElo "2472"]
[Annotator "ChessBase"]
[PlyCount "145"]
[EventDate "2018.08.09"]
[EventType "tourn"]
[EventCountry "ARM"]
[SourceTitle "playchess.com"]
[Source "ChessBase"]
[SourceQuality "1"]
[TimeControl "40/5400+30:1800+30"]

1. Nf3 d5 2. c4 e6 3. d4 Nf6 4. Nc3 Bb4 5. Qa4+ Nc6 6. e3 O-O 7. Qc2 b6 8. a3 Bxc3+ 9. Qxc3 Ne7 10. b3 a5 11. Bb2 Ba6 12. Rc1 c6 13. Nd2 b5 14. c5 b4 15. axb4 Bxf1 16. Nxf1 Ne4 17. Qc2 axb4 18. f3 Nf6 19. Ng3 Qc8 20. O-O Nf5 21. Kf2 Re8 22. Ra1 Nxg3 23. hxg3 Qc7 24. Qd2 Qb7 25. Rfb1 Reb8 26. Qd3 Rxa1 27. Rxa1 Ra8 28. Qb1 Ne8 29. Qe1 Rxa1 30. Qxa1 Kf8 31. Qa5 Ke7 32. Bc1 Nc7 33. Bd2 Na6 34. e4 Kd7 35. Bf4 f6 36. Bd6 Kc8 37. e5 f5 38. Kg1 Kd7 39. Kh2 Ke8 40. Qb6 Qa8 41. Kh3 Kf7 42. g4 fxg4+ 43. Kxg4 Ke8 44. f4 Kf7 45. Kh4 h6 46. g3 g6 47. Kg4 Ke8 48. Kf3 Kf7 49. Ke3 Ke8 50. g4 Kf7 51. Qa5 h5 52. Qa1 hxg4 53. Qh1 Qg8 54. Qh6 Ke8 55. Kf2 Kd7 56. Kg3 Nc7 57. Qh4 Qf7 58. Bxc7 Kxc7 59. Qxg4 Kd7 60. Qg5 Ke8 61. Kg4 Kf8 62. Qd8+ Kg7 63. Kg3 Qf5 64. Qe7+ Kh6 65. Qe8 Kg7 66. Qxc6 Qd3+ 67. Kh4 g5+ 68. fxg5 Qxd4+ 69. Kh5 Qd1+ 70. Kh4 Qe1+ 71. Kh5 Qe2+ 72. Kh4 Qe4+ 73. Kh5 1/2-1/2

[Event "79th ARM-ch 1st League 2018"]
[Site "Yerevan"]
[Date "2018.08.14"]
[Round "6"]
[White "Davtyan, Artur"]
[Black "Mkrtchyan, Sargis R"]
[Result "1-0"]
[ECO "E97"]
[WhiteElo "2353"]
[BlackElo "2239"]
[Annotator "NA"]
[PlyCount "57"]
[EventDate "2018.08.09"]
[EventType "tourn"]
[EventCountry "ARM"]
[SourceTitle "playchess.com"]
[Source "ChessBase"]
[SourceQuality "1"]
[TimeControl "40/5400+30:1800+30"]

1. d4 Nf6 2. c4 g6 3. Nc3 Bg7 4. e4 d6 5. Nf3 O-O 6. Be2 e5 7. O-O Nc6 8. Be3 Ng4 9. Bg5 f6 10. Bh4 g5 11. Bg3 Nh6 12. dxe5 fxe5 13. Nd5 {[%emt 0:00:02] E97: King's Indian: Classical Main Line (6...e5 7 0-0 Nc6): 8 Be3 and 8 d5 Ne7, not 9 Ne1} (13. h3 g4 14. hxg4 Bxg4 15. Ne1 Be6 16. Nc2 Kh8 17. Nd5 Qd7 18. Qd3 Ne7 19. Rad1 Ng6 20. Qd2 Rad8 21. Bh5 {½-½ (37) Ghaem Maghami,E (2596)-Grischuk,A (2774) Berlin 2015}) 13... Be6 14. Rc1 Nf7 15. c5 $146 ({Predecessor:} 15. h3 Kh8 16. c5 a5 17. a3 Rg8 18. Qb3 Ra7 19. Rfd1 Nd4 20. Nxd4 exd4 {1-0 (42) Kozak,A (2440)-Szalanczy,E (2217) Budapest 2018}) 15... h5 16. h3 h4 17. Bh2 g4 18. hxg4 Bh6 19. Rc3 Kg7 20. b4 Ng5 21. Nxg5 Bxg5 22. f4 $18 exf4 23. Nxf4 Bxf4 24. Bxf4 Qf6 25. Qd2 Rad8 26. cxd6 cxd6 27. Bxd6 Rxd6 28. Qxd6 Rd8 29. Qc7+ 1-0

[Event "79th ARM-ch 1st League 2018"]
[Site "Yerevan"]
[Date "2018.08.14"]
[Round "6"]
[White "Gharibyan, Mamikon"]
[Black "Hoghmrtsyan, Artur"]
[Result "1/2-1/2"]
[ECO "D37"]
[WhiteElo "2341"]
[BlackElo "2157"]
[Annotator "NA"]
[PlyCount "115"]
[EventDate "2018.08.09"]
[EventType "tourn"]
[EventCountry "ARM"]
[SourceTitle "playchess.com"]
[Source "ChessBase"]
[SourceQuality "1"]
[TimeControl "40/5400+30:1800+30"]

1. d4 d5 2. c4 e6 3. Nc3 Be7 4. Nf3 Nf6 5. Bf4 O-O 6. Rc1 a6 7. e3 dxc4 {[%emt 0:15:16] LiveBook: 16 Games} 8. Bxc4 c5 {[%emt 0:03:01] D37: Queen's Gambit Declined: 5 Bf4} (8... b5 9. Bd3 Bb7 10. Qc2 Nbd7 11. Ng5 h6 12. Nh7 Re8 13. Nxf6+ Bxf6 14. Bh7+ Kh8 15. Be4 Bxe4 16. Nxe4 {½-½ (64) Svane,R (2526)-Kovalenko,I (2644) Gjakova 2016}) 9. O-O b5 10. Bb3 $146 ({Predecessor:} 10. Bd3 Nbd7 11. Qe2 Bb7 12. dxc5 Nxc5 13. Bc2 Rc8 14. Rfd1 Qe8 15. Ne5 b4 16. Nb1 {0-1 (37) Casarin,L (1838)-Cezar,W (2001) Sao Paulo 2015}) 10... Qb6 11. dxc5 Bxc5 12. e4 Bb7 13. e5 Ne4 14. Nxe4 Bxe4 15. Ng5 Bg6 16. Qg4 (16. Bc2 $14 Be7 17. Be3) 16... Bf5 17. Qg3 Nc6 $11 18. Rfe1 Nd4 19. Ne4 Bxe4 20. Rxe4 Qb7 21. Rce1 Rfd8 22. Bg5 Rd7 23. Qg4 Qb6 24. Rf4 a5 25. Bf6 Bf8 26. Rd1 a4 27. Bc2 Rc8 28. Bxh7+ Kxh7 29. Qh5+ Kg8 30. h3 Ne2+ 31. Qxe2 Rxd1+ 32. Qxd1 Rc4 33. Rf3 Qd4 34. Qe2 Qe4 35. Re3 Qf4 36. g3 Qf5 37. Bd8 Bc5 38. Rc3 Re4 39. Qc2 Bd4 40. Rc8 Kh7 41. Kg2 Rxe5 42. Qxf5+ Rxf5 43. Rc2 Rd5 44. Ba5 e5 45. Kf3 g6 46. Bb4 Rd7 47. Ke2 g5 48. Bd2 Kg6 49. g4 f6 50. Be3 Bxe3 51. fxe3 Rh7 52. Rc5 Rxh3 53. Rxb5 e4 54. Rb4 Rh2+ 55. Kf1 a3 56. bxa3 Rxa2 57. Ra4 Kf7 58. Rxe4 1/2-1/2

[Event "79th ARM-ch 1st League 2018"]
[Site "Yerevan"]
[Date "2018.08.14"]
[Round "6"]
[White "Poghosyan, Suren"]
[Black "Sargsyan, Tigran R"]
[Result "1/2-1/2"]
[ECO "D16"]
[WhiteElo "2301"]
[BlackElo "2136"]
[Annotator "NA"]
[PlyCount "94"]
[EventDate "2018.08.09"]
[EventType "tourn"]
[EventCountry "ARM"]
[SourceTitle "playchess.com"]
[Source "ChessBase"]
[SourceQuality "1"]
[TimeControl "40/5400+30:1800+30"]

1. d4 d5 2. c4 c6 3. Nc3 Nf6 4. Nf3 dxc4 5. a4 e6 6. Bg5 Bb4 7. e4 Bxc3+ 8. bxc3 Qa5 9. e5 Ne4 $1 10. Bd2 c5 {[%emt 0:00:41] D44: Semi-Slav: Botvinnik System} 11. Bxc4 {[%emt 0:07:05] LiveBook: 24 Games} Nxd2 (11... cxd4 12. cxd4 Nxd2 13. Nxd2 Nc6 14. O-O Nxd4 15. Nb3 Nxb3 16. Bb5+ Qxb5 17. axb5 Nxa1 18. Qxa1 {1-0 (29) Fedoseev,V (2683)-Motylev,A (2648) St Petersburg 2015}) 12. Qxd2 cxd4 13. Bb5+ Bd7 14. cxd4 Qxd2+ $146 ({Predecessor:} 14... Nc6 15. Rc1 Qxd2+ 16. Kxd2 a6 17. Bxc6 Bxc6 18. a5 {½-½ (48) Lin,W (2470)-Yegiazarian,A (2390) Moscow 1994}) 15. Nxd2 Bc6 16. Nc4 O-O 17. O-O Bd5 18. Ne3 $11 Bc6 19. f4 Rd8 20. Rfd1 Be4 21. a5 Nc6 22. Bxc6 bxc6 23. Nc4 Rab8 24. Nd6 Bd5 25. Rdb1 h6 26. a6 Rb6 27. Rxb6 axb6 28. a7 Ra8 29. Nc8 Rxc8 30. a8=Q Rxa8 31. Rxa8+ Kh7 32. Rb8 b5 33. Rb7 Kg6 34. Kf2 Kf5 35. Rxf7+ Ke4 36. Rxg7 b4 37. g4 b3 38. g5 hxg5 39. fxg5 c5 40. Rg8 c4 41. g6 b2 42. Rb8 c3 43. g7 c2 44. Rxb2 c1=Q 45. Re2+ Kd3 46. g8=Q Qf4+ 47. Ke1 Qc1+ 1/2-1/2

[Event "79th ARM-ch 1st League 2018"]
[Site "Yerevan"]
[Date "2018.08.14"]
[Round "6"]
[White "Martirosyan, Garik"]
[Black "Babujian, Levon"]
[Result "1-0"]
[ECO "D37"]
[WhiteElo "2145"]
[BlackElo "2459"]
[Annotator "ChessBase"]
[PlyCount "129"]
[EventDate "2018.08.09"]
[EventType "tourn"]
[EventCountry "ARM"]
[SourceTitle "playchess.com"]
[Source "ChessBase"]
[SourceQuality "1"]
[TimeControl "40/5400+30:1800+30"]

1. d4 Nf6 2. c4 e6 3. Nf3 d5 4. Nc3 Be7 5. cxd5 exd5 6. Bg5 c6 7. Qc2 Na6 8. a3 g6 9. e3 Bf5 10. Bd3 Bxd3 11. Qxd3 Nc7 12. O-O Ne6 13. Bh4 Nh5 14. Bxe7 Qxe7 15. b4 a6 16. Na4 O-O 17. Nc5 f5 18. Rfe1 Rae8 19. g3 Nf6 20. a4 Nd8 21. b5 axb5 22. axb5 Ne4 23. Nb3 g5 24. bxc6 bxc6 25. Ne5 g4 26. Rec1 Rf6 27. Ra6 Ng5 28. Nd2 Qb7 29. Rb1 Qg7 30. Rbb6 Qh6 31. Qe2 Rfe6 32. Rb8 Ngf7 33. Raa8 Qf8 34. Nd7 Qd6 35. Nc5 R6e7 36. Qd3 Qf6 37. Qa3 Kg7 38. Nf1 h5 39. Qa5 Qd6 40. Rc8 Rh8 41. Rab8 h4 42. Qa8 Ree8 43. Nb7 Qe7 44. Nxd8 Nxd8 45. gxh4 Kg6 46. Ng3 Qf6 47. h5+ Kg5 48. Qa5 f4 49. exf4+ Kh4 50. Qd2 Rhf8 51. h6 Rf7 52. f5 Ra7 53. Rb1 Rae7 54. Rcb8 Nf7 55. h7 Ng5 56. Kg2 Nxh7 57. Rxe8 Rxe8 58. Rb7 Ng5 59. Qf4 Re1 60. Qc7 Qxd4 61. Qd8 Rg1+ 62. Kxg1 Qd1+ 63. Nf1 g3 64. hxg3+ Kg4 65. Rg7 1-0